 Dungeon Crawl Stone Soup version 0.30-b1-2-g02819fbbbe (webtiles) character file.

Game seed: 11187518157355257593

344 Alarkh the Shooter (level 6, 42/43 HPs)
             Began as a Demonspawn Hexslinger on July 7, 2023.
             Got out of the dungeon alive.
             The game lasted 00:03:12 (2502 turns).

Alarkh the Shooter (Demonspawn Hexslinger)          Turns: 2502, Time: 00:03:13

Health: 42/43      AC:  2    Str: 10    XL:     6   Next: 31%
Magic:  8/8        EV: 14    Int: 16    God:
Gold:   134        SH:  0    Dex: 14    Spells: 4/8 levels left

rFire   . . .        a - +1 sling
rCold   . . .        (no shield)
rNeg    . . .        c - +0 robe
rPois   .            (helmet restricted)
rElec   .            (no cloak)
rCorr   .            (no gloves)
SInv    .            (no boots)
Will    .....        (no amulet)
Stlth   +            (no ring)
HPRegen 0.27/turn    (no ring)
MPRegen 0.11/turn

%: no passive effects
@: no status effects
A: antennae 1, repulsion field 1, demonic guardian 1
a: no special abilities


You escaped.
You visited 1 branch of the dungeon, and saw 3 of its levels.

You collected 134 gold pieces.

Inventory:

Hand Weapons
 a - a +1 sling (weapon)
Armour
 c - a +0 robe (worn)
Jewellery
 h - an amulet of faith
Scrolls
 b - a scroll of poison
 d - a scroll of fear {unknown}
 e - a scroll of noise {unknown}
 f - 2 scrolls of enchant weapon {unknown}
 i - 2 scrolls of magic mapping {unknown}
 j - 4 scrolls of identify {unknown}
 k - 2 scrolls of teleportation {unknown}
 o - 3 scrolls of brand weapon {unknown}
 p - a scroll of amnesia {unknown}
Potions
 g - 3 potions of might
 n - a potion of mutation {unknown}


   Skills:
 - Level 1.0 Fighting
 + Level 4.4 Ranged Weapons
 - Level 1.7 Dodging
 + Level 1.9 Spellcasting
 * Level 4.2 Hexes
 * Level 2.3 Translocations


You had 4 spell levels left.
You knew the following spells:

 Your Spells              Type           Power      Damage    Failure   Level
a - Portal Projectile     Hex/Tloc       24%        N/A       16%         3
b - Slow                  Hex            60%        N/A       3%          1

Your spell library contained the following spells:

 Spells                   Type           Power      Damage    Failure   Level
 Beastly Appendage        Tmut           2%         N/A       22%         1
 Inner Flame              Hex/Fire       8%         N/A       26%         3
 Wereblood                Tmut           1%         N/A       32%         2
 Cause Fear               Hex            7%         N/A       36%         4
 Spider Form              Tmut/Pois      1%         N/A       54%         3


Dungeon Overview and Level Annotations

Branches:
Dungeon (3/15)

Altars:


Innate Abilities, Weirdness & Mutations

You have a pair of small antennae on your head.
You are surrounded by a mild repulsion field. (EV +2)
A weak demonic guardian rushes to your aid.


Message History

You barely resist. Grinder gestures at you. You resist with significant effort.
Grinder gestures at you.
You shrug off the repeated paralysis!
Grinder hits you! Grinder hits you.
* * * LOW HITPOINT WARNING * * *
You writhe in agony.
* * * LOW HITPOINT WARNING * * *
You can move again.
You shoot a sling bullet. The sling bullet barely misses Grinder.
Grinder gestures at you.
You barely resist. You shoot a sling bullet. The sling bullet hits Grinder.
You kill Grinder!
Your Hexes skill increases to level 4!
Your Translocations skill increases to level 2!
You have reached level 6!
Your demonic ancestry asserts itself...
A pair of antennae grows on your head!
Found a dagger.
There is an escape hatch in the ceiling here.
A mysterious force pulls you upwards. The hatch slams shut behind you.
There is an open door here.
Magic restored.
You see here a +0 pair of boots.
There is a stone staircase leading up here.
You climb upwards.
There is a stone staircase leading down here.
Things that are here:
a stone; a +0 club You feel a little less clever now.
You see here 4 stones.
You see here a +0 short sword.
HP restored.
There is a large open door here.
There is a staircase leading out of the dungeon here.
Are you sure you want to leave the Dungeon?
This will make you lose the game!
You have escaped!

###########
#....@....#
#.........#
#.........#
#.#.....#.#
#.#.....#.#
#.........#
#.........#
#.........#
##++###''##


There were no monsters in sight!

Vanquished Creatures
  Grinder (D:3)
  Jessica (D:3)
  5 adders
  A gnoll (D:1)
  2 dart slugs
  3 orcs (D:3)
  3 endoplasms
  6 giant cockroaches
  8 goblins
  3 hobgoblins
  3 jackals (D:3)
  A quokka (D:2)
  4 ball pythons
  5 bats
  3 frilled lizards
  10 kobolds
  8 rats
67 creatures vanquished.

Vanquished Creatures (collateral kills)
  A goblin (D:2)
1 creature vanquished.

Grand Total: 68 creatures vanquished

Notes
Turn   | Place    | Note
-------+----------+-------------------------------------------
     0 | D:1      | Alarkh the Demonspawn Hexslinger began the quest for the
                  | Orb.
     0 | D:1      | Reached XP level 1. HP: 15/15 MP: 2/2
    65 | D:1      | Found a faded altar of an unknown god.
   221 | D:1      | Gained mutation: A weak demonic guardian rushes to your
                  | aid. [demonic ancestry]
   221 | D:1      | Reached XP level 2. HP: 21/21 MP: 3/3
   447 | D:1      | Reached XP level 3. HP: 26/26 MP: 4/4
  1040 | D:2      | Reached XP level 4. HP: 13/32 MP: 5/5
  1157 | D:2      | Learned a level 3 spell: Portal Projectile
  2305 | D:3      | Noticed Jessica
  2322 | D:3      | Killed Jessica
  2323 | D:3      | Reached skill level 1 in Translocations
  2323 | D:3      | Gained mutation: You are surrounded by a mild repulsion
                  | field. (EV +2) [demonic ancestry]
  2323 | D:3      | Reached XP level 5. HP: 37/37 MP: 6/6
  2355 | D:3      | Noticed Grinder
  2378 | D:3      | Paralysed by Grinder for 5 turns
  2384 | D:3      | Killed Grinder
  2385 | D:3      | Gained mutation: You have a pair of small antennae on your
                  | head. [demonic ancestry]
  2385 | D:3      | Reached XP level 6. HP: 11/43 MP: 6/8
  2502 | D:$      | Got out of the dungeon alive.

Illustrated notes

Levels and vault maps discovered:
D:1:      lemuel_arrival_behind_the_door_large, layout_loops_cross,
          basic_ecumenical_altar
D:2:      layout_basic
D:3:      layout_basic, uniq_grinder, uniq_jessica

Skill      XL: |  1  2  3  4  5 |
---------------+----------------+-----
Ranged Weapons | 2 3 4 |  4.4
Translocations | 1 2 |  2.3
Hexes          | 4 |  4.2
Fighting       | |  1.0
Dodging        | |  1.7
Spellcasting   | |  1.9

Action                     |  1- 3 |  4- 6 || total
---------------------------+-------+-------++-------
   Fire: Sling             |   126 |   134 ||   260
   Cast: Slow              |       |     1 ||     1
    Use: Potion            |     1 |     2 ||     3
 Armour: Robe              |    12 |    10 ||    22
  Dodge: Dodged            |    26 |    37 ||    63
